 Dungeon Crawl Stone Soup version 0.30-a0-860-g512cf1e979 (webtiles) character file.

Game seed: 8422619880397702266

165488 NinjaNoafa the Spry (level 17, 0/149 HPs)
             Began as a Pale Draconian Ice Elementalist on Mar 6, 2023.
             Was the Champion of Jiyva.
             Slain by a six-headed hydra (4 damage)
             ... while paralysed by a fenstrider witch
             ... on level 4 of the Swamp on Mar 7, 2023.
             The game lasted 02:26:38 (27842 turns).

NinjaNoafa the Spry (DrIE)                         Turns: 27842, Time: 02:26:39

Health: 0/149      AC: 14    Str: 10    XL:     17   Next: 2%
Magic:  8/31       EV:  2    Int: 23    God:    Jiyva [******]
Gold:   701        SH:  0    Dex: 13    Spells: 8/37 levels left

rFire   + . .      SeeInvis +    b - staff of cold
rCold   + + .      Faith    .    D - +3 buckler
rNeg    . . .      Spirit   .    (body armour unavailable)
rPois   +          Reflect  +    n - +2 hat
rElec   +          Rampage  .    (no cloak)
rCorr   +          Clarity  +    O - +0 pair of gloves
Will    +....                    s - +0 pair of boots
Stlth   +++                      N - amulet of reflection
HPRegen 2.04/turn                M - ring "Tuecsilij" {Wiz rElec rPois}
MPRegen 0.72/turn                H - ring "Habih" {rF+ rC+ Slay+2}

@: paralysed, lethally poisoned (0 -> -1), swift, flying, studying Maces &
Flails, quick
A: breathe steam, AC +9, unfitting armour, cold-blooded, steam resistance,
antennae 1, clarity, eyeballs 3, gelatinous body 1, translucent skin 2,
evolution 2, MP-powered wands
}: 1/15 runes: slimy
a: Breathe Steam, Renounce Religion, Oozemancy, Slimify


You were on level 4 of the Swamp.
You worshipped Jiyva.
Jiyva was exalted by your worship.
You visited 7 branches of the dungeon, and saw 35 of its levels.
You also visited: Sewer, Ice Cave and Volcano.

You collected 1464 gold pieces.
You spent 763 gold pieces at shops.

Inventory:

Hand Weapons
 a - a +4 quick blade of flaming
 c - a +4 heavy eveningstar
 g - the +2 eveningstar "NinjaNoafa's Regret" {antimagic, Dex+4}
   (You bought it in a shop on level 10 of the Dungeon)

   Dex:       It affects your dexterity (+4).
Missiles
 j - 4 javelins
 m - 28 poisoned darts
 t - 4 throwing nets
 x - 12 boomerangs
 z - 6 curare-tipped darts
Armour
 n - a +2 hat (worn)
 s - a +0 pair of boots (worn)
 D - a +3 buckler (worn)
 O - a +0 pair of gloves (worn)
Magical Staves
 b - a staff of cold (weapon)
 C - a staff of death
Jewellery
 A - a ring of see invisible
 H - the ring "Habih" (right hand) {rF+ rC+ Slay+2}
   (You found it in an ice cave)

   [ring of protection from cold]

   Slay:      It affects your accuracy & damage with ranged weapons and melee
   (+2).
   rF:        It protects you from fire.
   rC:        It protects you from cold.
 L - the ring "Iqaityle" {rC- rN+ rCorr EV+5 Slay+2}
   (You found it on level 5 of the Pits of Slime)

   [ring of evasion]

   EV:        It affects your evasion (+5).
   Slay:      It affects your accuracy & damage with ranged weapons and melee
   (+2).
   rC:        It makes you vulnerable to cold.
   rN:        It protects you from negative energy.
   rCorr:     It protects you from acid and corrosion.
 M - the ring "Tuecsilij" (left hand) {Wiz rElec rPois}
   (You found it on level 5 of the Pits of Slime)

   [ring of wizardry]

   It improves your spell success rate.
   rElec:     It insulates you from electricity.
   rPois:     It protects you from poison.
 N - an amulet of reflection (around neck)
 P - a ring of protection from cold
 T - the ring of Happiness {rC+ Will- Str+6 Dex+2}
   (You found it in an ice cave)

   [ring of protection from cold]

   Str:       It affects your strength (+6).
   Dex:       It affects your dexterity (+2).
   rC:        It protects you from cold.
   Will:      It decreases your willpower.
 X - a ring of positive energy
Wands
 p - a wand of digging (7)
 B - a wand of roots (25)
 G - a wand of flame (45)
 S - a wand of charming (9)
Scrolls
 i - 3 scrolls of fog
 k - a scroll of noise
 q - 4 scrolls of teleportation
 r - a scroll of amnesia
 w - a scroll of summoning
 y - 3 scrolls of vulnerability
 E - a scroll of identify
 F - 2 scrolls of poison
 R - a scroll of fear
 Z - a scroll of blinking
Potions
 d - a potion of attraction
 e - 2 potions of magic
 f - a potion of flight
 h - 5 potions of lignification
 l - 5 potions of curing
 o - 2 potions of haste
 v - 3 potions of might
 I - 2 potions of resistance
 K - 2 potions of invisibility
 Q - 3 potions of ambrosia
Miscellaneous
 u - a piece from Xom's chessboard (15/15)
 U - a phial of floods


   Skills:
 - Level 13.0 Fighting
 - Level 8.0 Short Blades
 - Level 6.3(7.2) Maces & Flails
 - Level 5.0(6.5) Staves
 - Level 15.0 Dodging
 - Level 1.7 Stealth
 - Level 4.0 Shields
 - Level 10.9 Spellcasting
 + Level 6.3 Conjurations
 - Level 8.0 Summonings
 - Level 4.0 Translocations
 - Level 3.8 Transmutations
 + Level 6.9 Fire Magic
 - Level 11.2 Ice Magic
 - Level 4.3 Air Magic
 - Level 3.8 Earth Magic
 - Level 7.0 Evocations


You had 8 spell levels left.
You knew the following spells:

 Your Spells              Type           Power      Damage    Failure   Level
a - Manifold Assault      Tloc           31%        N/A       5%          4
b - Frozen Ramparts       Ice            100%       1d16      1%          3
c - Ozocubu's Armour      Ice            77%        N/A       1%          3
d - Summon Ice Beast      Ice/Summ       71%        N/A       1%          4
e - Passwall              Tmut/Erth      25%        N/A       1%          2
f - Swiftness             Air            32%        N/A       1%          3
g - Freezing Cloud        Conj/Ice/Air   31%        6-21      3%          5
h - Fireball              Conj/Fire      21%        3d10      4%          5

Your spell library contained the following spells:

 Spells                   Type           Power      Damage    Failure   Level
 Apportation              Tloc           62%        N/A       1%          1
 Freeze                   Ice            100%       1d10      1%          1
 Magic Dart               Conj           100%       1d8       1%          1
 Call Imp                 Summ           49%        N/A       1%          2
 Ensorcelled Hibernation  Hex/Ice        100%       N/A       1%          2
 Lesser Beckoning         Tloc           62%        N/A       1%          2
 Momentum Strike          Conj/Tloc      72%        3d10      1%          2
 Gell's Gravitas          Tloc           31%        N/A       1%          3
 Inner Flame              Hex/Fire       28%        N/A       1%          3
 Mephitic Cloud           Conj/Pois/Air  29%        N/A       1%          3
 Teleport Other           Tloc           31%        N/A       1%          3
 Vhi's Electric Charge    Tloc/Air       62%        N/A       1%          3
 Ice Form                 Ice/Tmut       63%        N/A       1%          4
 Sticky Flame             Conj/Fire      43%        2d6       1%          4
 Iskenderun's Mystic Bla  Conj/Tloc      36%        2d9       3%          4
 Alistair's Intoxication  Tmut/Pois      14%        N/A       32%         5
 Dispersal                Tloc           15%        N/A       58%         6


Dungeon Overview and Level Annotations

Branches:
Dungeon (15/15)            Temple (1/1) D:4            Lair (5/5) D:9
  Swamp (4/4) Lair:3       Spider (3/4) Lair:2        Slime (5/5) Lair:5
    Orc (2/2) D:12            Elf (0/3) Orc:2        Vaults (0/5) D:14
 Depths (0/4) D:15          Sewer (visited)           IceCv (visited)
Volcano (visited)

Altars:
Ashenzari
Cheibriados
Dithmenos
Elyvilon
Fedhas
Gozag
Hepliaklqana
Kikubaaqudgha
Makhleb
Nemelex Xobeh
Okawaru
Qazlal
Ru
Sif Muna
Trog
Uskayaw
Vehumet
Wu Jian
Xom
Yredelemnul
Zin
The Shining One
Jiyva

Shops:
D:3 [   D:10 (   D:13 (   D:14 !   Orc:2 :*[(

Annotations:
D:2 1 runed translucent door, Crazy Yiuf
D:12 2 runed translucent doors, greenreed's ghost, journeyman MiFi
Slime:5 Royal Jelly


Innate Abilities, Weirdness & Mutations

You can breathe blasts of scalding, opaque steam.
Your pale cyan-grey scales are hard. (AC +9)
You cannot fit into any form of body armour.
You are cold-blooded and may be slowed by cold attacks.
You are immune to the effects of steam.
You have a pair of small antennae on your head.
You possess an exceptional clarity of mind.
Your body is covered in eyes which may confuse attackers. (Acc +7, SInv)
Your rubbery body absorbs attacks. (AC +1, EV +1)
Your translucent skin reduces your foes' accuracy. (Stealth+)
You have great hidden genetic potential.
You expend magic power (3 MP) to strengthen your wands.


Message History

The six-headed hydra seems to slow down.
The six-headed hydra is engulfed in freezing vapours.
You kill the six-headed hydra!
Training target 7.0 for Evocations reached!
Your Evocations skill increases to level 7!
Things that are here:
a hydra corpse; a swamp worm corpse Unknown command.
You are engulfed in freezing vapours.
You resist.
* * * LOW HITPOINT WARNING * * *
The fenstrider witch casts a spell at you.
You suddenly lose the ability to move!
The swamp dragon breathes poison at you.
The blast of poison engulfs you but does no damage.
You are poisoned.
You resist.
You are engulfed in freezing vapours.
You resist.
* * * LOW HITPOINT WARNING * * *
You feel sick.
The fenstrider witch is engulfed in freezing vapours.
The fenstrider witch gestures at you while chanting.
Your body is wracked with pain!
* * * LOW HITPOINT WARNING * * *
You are engulfed in freezing vapours.
You resist.
* * * LOW HITPOINT WARNING * * *
You feel sick.
The fenstrider witch is engulfed in freezing vapours.
The fenstrider witch gestures at you while chanting.
The toxic sludge hits you.
You are more poisoned.
You partially resist.
* * * LOW HITPOINT WARNING * * *
The six-headed hydra bites you but does no damage.
The six-headed hydra bites you!
* * * LOW HITPOINT WARNING * * *
The six-headed hydra bites you.
* * * LOW HITPOINT WARNING * * *
The six-headed hydra bites you but does no damage. x2
The six-headed hydra bites you.
You die...

.§~~.!§♣≈ ♣.~~~~.~♣
♣♣♣♣~.~~~~~. ♣
♣.~.§~~~~~~~
♣.♣♣♣♣♣♣~§D§k○~~~~~
♣.~~§~~○§.§○~~~~~~
♣~~~§D°[x○§~~~~§~
♣§~.☼H§○§§§~~~~~~
♣♣♣..§§@D♣~~~~~~~~~
♣~.~.○☼○☼♣~~§~~~§§~
♣.♣.~○○°♣♣.~~~§.♣♣.
♣♣♣~♣.○/○~.§.~~~♣♣
♣.~.~~~~~~~♣~.~♣♣
♣<~~[~..♣♣♣♣ ♣♣♣
♣♣.~..~♣♣ ♣♣♣♣♣♣♣


You could see a bunyip (confused), an eight-headed hydra, a six-headed hydra
(slow), a swamp dragon (strong), a fenstrider witch and a swamp drake.

Vanquished Creatures
  Frances (Spider:2)
  A ghost moth (Spider:1)
  An emperor scorpion (Spider:3)
  An ironbound preserver (D:14)
  A very ugly thing (D:15)
  A broodmother (Spider:1)
  The ghost of BubbleThief the Warrior, a journeyman NaCA of Ignis (Lair:2)
  A bunyip (Swamp:2)
  2 spark wasps (Spider:3)
  4 eleionomae
  A minotaur (D:11)
  Snorg (Orc:1)
  A fire dragon (Volcano)
  An ettin (Orc:2)
  A shambling mangrove (Swamp:1)
  2 entropy weavers
  A rakshasa (D:15)
  A catoblepas (D:14)
  14 hydras
  A centaur warrior (D:15)
  A radroach (Spider:1)
  4 boulder beetles
  A two-headed ogre (D:13)
  4 death yaks (D:11)
  A death knight (D:14)
  3 alligators
  3 orc high priests (Orc:2)
  A skyshark (Lair:2)
  Amaemon (D:8)
  Urug (D:13)
  3 pharaoh ants
  3 orb spiders
  3 goliath frogs
  2 spriggan druids
  A steelbarb worm (Spider:3)
  3 swamp dragons (Swamp:4)
  A bog body (Swamp:1)
  Pikel (D:8)
  A lindwurm (Volcano)
  A wizard (D:14)
  A deep elf zephyrmancer (Orc:1)
  3 deep elf pyromancers
  7 ugly things (D:15)
  4 orc knights
  5 wolf spiders
  2 will-o-the-wisps (Swamp:2)
  3 cyclopes
  5 orc sorcerers
  3 manticores
  4 elephants
  2 moths of wrath
  3 black mambas (Lair:5)
  A smoke demon (Volcano)
  7 demonic crawlers
  A gargoyle (D:10)
  2 torpor snails
  A rime drake (Lair:2)
  An orange demon (D:8)
  19 cane toads
  6 yaktaurs
  3 unseen horrors
  8 komodo dragons
  2 efreet
  4 freezing wraiths (D:14)
  5 trolls
  A tarantella (shapeshifter) (D:13)
  9 tarantellas
  6 tyrant leeches
  7 hornets
  A polar bear (Lair:5)
  8 blink frogs (Lair:5)
  A spriggan (shapeshifter) (D:15)
  7 culicivoras
  17 jumping spiders
  A shadow (D:13)
  A water elemental (D:13)
  Sigmund (D:5)
  48 yaks
  4 spriggans
  A vampire (D:9)
  2 wraiths
  7 wyverns
  A basilisk (Lair:2)
  4 steam dragons
  24 redbacks
  15 vampire mosquitoes
  Menkaure (D:7)
  8 swamp worms
  4 wargs
  9 water moccasins
  2 swamp drakes
  An ice beast (D:7)
  2 sky beasts
  2 great orb of eyes simulacra (IceCv)
  25 orc warriors
  3 black bears
  9 ogres
  14 wolves
  2 centaurs
  2 lemures (D:8)
  Blork the orc (D:4)
  2 kobold brigands
  8 bullfrogs
  A gnoll sergeant (D:11)
  A scorpion (D:5)
  12 wights
  12 killer bees
  4 electric eels
  2 howler monkeys
  A crimson imp (Orc:1)
  4 jellies
  16 orc priests
  3 hounds
  3 gnoll boudas
  An iron imp (Orc:1)
  Jessica (D:2)
  6 iguanas
  2 sleepcaps
  31 orc wizards
  Terence (D:2)
  Robin (D:2)
  30 gnolls
  9 adders
  5 river rats (Sewer)
  2 shadow imps
  2 white imps
  2 worms
  2 dart slugs
  63 orcs
  8 ball pythons
  2 endoplasms (D:1)
  5 giant cockroaches
  15 goblins
  7 hobgoblins
  7 jackals
  6 quokkas
  3 bats
  4 frilled lizards
  11 kobolds
  3 rats
  A spectral orc (D:7)
729 creatures vanquished.

Vanquished Creatures (collateral kills)
  Jorgrun (D:13)
  Gastronok (D:11)
  A thorn hunter (Swamp:3)
  2 emperor scorpions
  A minotaur (D:11)
  A shambling mangrove (Swamp:2)
  4 hydras
  Harold (D:9)
  2 radroaches
  A two-headed ogre (D:12)
  An alligator (Swamp:3)
  A boulder beetle (Spider:1)
  An orc high priest (Orc:2)
  4 spriggans
  2 pharaoh ants (Spider:1)
  2 orb spiders (Spider:1)
  A spriggan druid (Swamp:4)
  A wizard (D:13)
  A deep elf pyromancer (D:14)
  A steelbarb worm (Spider:3)
  A bog body (Swamp:1)
  2 lindwurms (Volcano)
  An orc sorcerer (Orc:2)
  2 ugly things (D:15)
  A will-o-the-wisp (Swamp:3)
  Maurice (D:9)
  2 elephants (Lair:2)
  2 black mambas
  Joseph (D:9)
  A torpor snail (Spider:1)
  5 cane toads
  2 demonic crawlers
  3 komodo dragons
  2 rime drakes
  4 yaktaurs (D:11)
  4 hornets
  2 trolls
  2 tarantellas
  2 blink frogs (Lair:5)
  4 jumping spiders (Spider:1)
  13 yaks
  2 culicivoras
  A water elemental (D:13)
  A wyvern (Lair:3)
  4 redbacks
  A basilisk (D:9)
  5 steam dragons
  4 vampire mosquitoes
  3 swamp worms
  A hell hound (Volcano)
  3 water moccasins
  5 orc warriors
  An ogre (D:6)
  3 wolves
  4 bullfrogs
  A glowing shapeshifter simulacrum (IceCv)
  A wight (D:7)
  6 killer bees
  2 howler monkeys (D:8)
  A gnoll bouda (Orc:2)
  2 orc priests
  4 orc wizards
  8 gnolls
  13 orcs
163 creatures vanquished.

Vanquished Creatures (others)
  An orc warlord (Orc:2)
  3 quicksilver oozes (IceCv)
  A hydra (Swamp:4)
  A two-headed ogre (shapeshifter) (D:15)
  A goliath frog (Swamp:4)
  A glowing orange brain (D:15)
  2 orange crystal statues (IceCv)
  2 orc knights
  A deep elf pyromancer (D:14)
  2 orc sorcerers (D:15)
  A will-o-the-wisp (Swamp:2)
  An efreet (D:13)
  A bloated husk (Swamp:4)
  A jumping spider (Spider:1)
  15 slime creatures
  A basilisk (Lair:4)
  A wraith (D:12)
  A warg (Orc:1)
  An acid dragon (D:13)
  A black bear (D:9)
  An ice beast (D:6)
  2 great orb of eyes simulacra (IceCv)
  4 centaurs
  A phantom (D:5)
  5 slime creature simulacra (IceCv)
  2 kobold brigands
  4 glowing shapeshifter simulacra (IceCv)
  3 bullfrogs
  A wight (D:7)
  A killer bee (D:10)
  An electric eel (D:11)
  2 orc priests
  A hound (D:3)
  122 jellies
  4 orc wizards
  A sleepcap (D:7)
  3 gnolls
  An adder (Sewer)
  17 orcs
  8 endoplasms
  A giant cockroach (D:3)
  2 jackals (Sewer)
  6 kobolds
  A quokka (D:2)
  A ball python (Sewer)
  A bat (D:3)
  A frilled lizard (Sewer)
  14 foxfires
  91 fungi
  200 plants
541 creatures vanquished.

Grand Total: 1433 creatures vanquished

Notes
Turn   | Place    | Note
-------+----------+-------------------------------------------
     0 | D:1      | NinjaNoafa the Draconian Ice Elementalist began the quest
                  | for the Orb.
     0 | D:1      | Reached XP level 1. HP: 14/14 MP: 3/3
   249 | D:1      | Reached XP level 2. HP: 11/20 MP: 0/5
   435 | D:1      | Found a faded altar of an unknown god.
   495 | D:1      | Prayed at the altar of an unknown god.
   495 | D:1      | Became a worshipper of Jiyva Junt the Shapeless
   495 | D:1      | Reached * piety under Jiyva
   630 | D:1      | Reached XP level 3. HP: 26/26 MP: 5/7
   658 | D:1      | Learned a level 3 spell: Frozen Ramparts
   662 | D:1      | Learned a level 3 spell: Ozocubu's Armour
  1013 | D:2      | Noticed Jessica
  1019 | D:2      | Killed Jessica
  1040 | D:2      | Noticed Terence
  1046 | D:2      | Killed Terence
  1047 | D:2      | Reached XP level 4. HP: 33/33 MP: 1/8
  1101 | D:2      | Reached ** piety under Jiyva
  1103 | D:2      | Reached skill level 5 in Ice Magic
  1194 | D:2      | Found a runed translucent door.
  1195 | D:2      | Noticed Crazy Yiuf
  1447 | D:2      | Identified the +2 helmet of Eternal Night {+Blink rPois
                  | Regen+ Dex-4}
  1447 | D:2      | Noticed Robin
  1462 | D:2      | Killed Robin
  1933 | D:3      | Found Wasoiref's Armour Shop.
  1937 | D:3      | Reached XP level 5. HP: 31/38 MP: 3/10
  1947 | D:3      | Reached skill level 1 in Summonings
  2216 | D:3      | Reached *** piety under Jiyva
  2329 | D:4      | Gained mutation: You are covered in slimy tendrils that may
                  | disarm your opponents. [Jiyva's grace]
  2329 | D:4      | Gained mutation: You have a pair of small antennae on your
                  | head. [Jiyva's grace]
  2329 | D:4      | Gained mutation: You have a pair of antennae on your head.
                  | [Jiyva's grace]
  2329 | D:4      | Gained mutation: You have a pair of large antennae on your
                  | head. (SInv) [Jiyva's grace]
  2370 | D:4      | Noticed Blork the orc
  2391 | D:4      | Killed Blork the orc
  2392 | D:4      | Reached XP level 6. HP: 39/45 MP: 3/12
  2538 | D:4      | Found a staircase to the Ecumenical Temple.
  2554 | Temple   | Entered the Ecumenical Temple
  2771 | D:4      | Reached **** piety under Jiyva
  3206 | D:5      | Entered Level 5 of the Dungeon
  3230 | D:5      | Your scales start taking on a pale cyan-grey colour.
  3230 | D:5      | Reached XP level 7. HP: 50/50 MP: 11/14
  3230 | D:5      | Gained mutation: You are immune to the effects of steam.
                  | [Pale Draconian growth]
  3336 | D:5      | Found a glowing drain.
  3360 | D:5      | Reached skill level 5 in Spellcasting
  3365 | Sewer    | Entered a sewer
  3457 | Sewer    | Reached ***** piety under Jiyva
  4188 | D:5      | Noticed Sigmund
  4197 | D:5      | Killed Sigmund
  4399 | D:5      | Lost mutation: You have a pair of large antennae on your
                  | head. (SInv) [Jiyva's grace]
  4399 | D:5      | Lost mutation: You are covered in slimy tendrils that may
                  | disarm your opponents. [Jiyva's grace]
  4399 | D:5      | Gained mutation: Your rubbery body absorbs attacks. (AC +1,
                  | EV +1) [Jiyva's grace]
  4399 | D:5      | Gained mutation: Your pliable body absorbs attacks. (AC +2,
                  | EV +2) [Jiyva's grace]
  4399 | D:5      | Gained mutation: Your gelatinous body deflects attacks. (AC
                  | +3, EV +3) [Jiyva's grace]
  4399 | D:5      | Gained mutation: You have a small jelly attached to you
                  | that may absorb projectiles. [Jiyva's grace]
  4477 | D:6      | Reached XP level 8. HP: 57/57 MP: 16/16
  4491 | D:6      | Found an ornate altar of the Wu Jian Council.
  4603 | D:6      | Learned a level 4 spell: Summon Ice Beast
  4614 | D:6      | Reached skill level 5 in Summonings
  4935 | D:7      | Noticed Menkaure
  4938 | D:7      | Killed Menkaure
  5024 | D:7      | Reached XP level 9. HP: 62/62 MP: 10/19
  5225 | D:7      | Found a basalt altar of Yredelemnul.
  5262 | D:7      | Reached skill level 1 in Fighting
  5262 | D:7      | Reached skill level 2 in Dodging
  5280 | D:7      | Reached skill level 3 in Dodging
  5317 | D:7      | Reached ****** piety under Jiyva
  5692 | D:8      | Noticed Pikel
  5693 | D:8      | Noticed Amaemon
  5693 | D:8      | Noticed an orange demon
  5704 | D:8      | Killed an orange demon
  5705 | D:8      | Reached skill level 4 in Dodging
  5705 | D:8      | Killed Pikel
  5705 | D:8      | Killed Amaemon
  5706 | D:8      | Reached skill level 6 in Dodging
  5706 | D:8      | Reached XP level 10. HP: 37/78 MP: 16/22
  5846 | D:8      | Reached skill level 5 in Fighting
  6136 | D:8      | Lost mutation: You have a pair of antennae on your head.
                  | [Jiyva's grace]
  6136 | D:8      | Gained mutation: You possess an exceptional clarity of
                  | mind. [Jiyva's grace]
  6136 | D:8      | Gained mutation: You have a small jelly attached to you
                  | that senses nearby items. [Jiyva's grace]
  6136 | D:8      | Gained mutation: You are covered in slimy tendrils that may
                  | disarm your opponents. [Jiyva's grace]
  6136 | D:8      | Gained mutation: You are agile. (Dex +4, Str/Int -1)
                  | [Jiyva's grace]
  6310 | D:9      | Noticed Maurice
  6315 | D:9      | Noticed Harold
  6320 | D:9      | Noticed Joseph
  6368 | D:9      | Killed Maurice
  6388 | D:9      | Killed Harold
  6389 | D:9      | Reached skill level 7 in Dodging
  6461 | D:9      | Killed Joseph
  6529 | D:9      | Reached XP level 11. HP: 32/89 MP: 15/24
  6868 | D:9      | Found a staircase to the Lair.
  7092 | D:10     | Entered Level 10 of the Dungeon
  7472 | D:10     | Found Samacat's Antique Weapon Emporium.
  7763 | Lair:1   | Entered Level 1 of the Lair of Beasts
  7773 | Lair:1   | Reached skill level 8 in Dodging
  7773 | Lair:1   | Reached skill level 10 in Spellcasting
  7822 | Lair:1   | Reached skill level 10 in Ice Magic
  7863 | Lair:1   | Reached skill level 1 in Staves
  7863 | Lair:1   | Reached skill level 1 in Evocations
  8274 | Lair:1   | Lost mutation: You are agile. (Dex +4, Str/Int -1) [Jiyva's
                  | grace]
  8274 | Lair:1   | Gained mutation: Your body has grown eyes which may confuse
                  | attackers. (Acc +3) [Jiyva's grace]
  8274 | Lair:1   | Gained mutation: Your body has grown many eyes which may
                  | confuse attackers. (Acc +5) [Jiyva's grace]
  8274 | Lair:1   | Gained mutation: Your body is covered in eyes which may
                  | confuse attackers. (Acc +7, SInv) [Jiyva's grace]
  8274 | Lair:1   | Gained mutation: You have sharp toenails. [Jiyva's grace]
  8334 | Lair:1   | Found a dark tunnel.
  8341 | Volcano  | Entered a volcano
  8440 | Volcano  | Noticed a lindwurm
  8441 | Volcano  | Reached skill level 5 in Evocations
  8452 | Volcano  | Killed a lindwurm
  8456 | Volcano  | Noticed a lindwurm
  8464 | Volcano  | Killed a lindwurm
  8465 | Volcano  | Noticed a lindwurm
  8469 | Volcano  | Killed a lindwurm
  8470 | Volcano  | Reached XP level 12. HP: 62/96 MP: 17/26
  8565 | Volcano  | Noticed a fire dragon
  8574 | Volcano  | Killed a fire dragon
  8575 | Volcano  | Reached skill level 5 in Staves
  8894 | Lair:2   | Found a hole to the Spider Nest.
  9016 | Lair:2   | Reached skill level 1 in Short Blades
  9016 | Lair:2   | Reached skill level 1 in Shields
  9024 | Lair:2   | Noticed a four-headed hydra
  9037 | Lair:2   | Killed a four-headed hydra
  9084 | Lair:2   | Found a runed translucent gate.
  9084 | Lair:2   | Found a runed translucent gate.
  9084 | Lair:2   | Found a runed translucent gate.
  9127 | Lair:2   | Noticed a ten-headed hydra
  9127 | Lair:2   | Noticed BubbleThief's ghost (journeyman NaCA)
  9128 | Lair:2   | Noticed a 13-headed hydra
  9231 | Lair:2   | Reached skill level 5 in Short Blades
  9725 | Lair:3   | Noticed a four-headed hydra
  9731 | Lair:3   | Killed a four-headed hydra
  9807 | Lair:3   | Reached XP level 13. HP: 102/102 MP: 23/27
 10106 | Lair:3   | Lost mutation: You have a pair of small antennae on your
                  | head. [Jiyva's grace]
 10106 | Lair:3   | Lost mutation: You have sharp toenails. [Jiyva's grace]
 10106 | Lair:3   | Lost mutation: Your body is covered in eyes which may
                  | confuse attackers. (Acc +7, SInv) [Jiyva's grace]
 10106 | Lair:3   | Lost mutation: Your gelatinous body deflects attacks. (AC
                  | +3, EV +3) [Jiyva's grace]
 10106 | Lair:3   | Lost mutation: You are covered in slimy tendrils that may
                  | disarm your opponents. [Jiyva's grace]
 10106 | Lair:3   | Lost mutation: You have a small jelly attached to you that
                  | senses nearby items. [Jiyva's grace]
 10106 | Lair:3   | Lost mutation: You have a small jelly attached to you that
                  | may absorb projectiles. [Jiyva's grace]
 10106 | Lair:3   | Gained mutation: Your melee attacks may engulf your foes in
                  | ooze. [Jiyva's grace]
 10106 | Lair:3   | Gained mutation: You are strong-willed. (Will+) [Jiyva's
                  | grace]
 10106 | Lair:3   | Gained mutation: You are highly strong-willed. (Will++)
                  | [Jiyva's grace]
 10106 | Lair:3   | Gained mutation: You are extremely strong-willed. (Will+++)
                  | [Jiyva's grace]
 10187 | Lair:3   | Found a staircase to the Swamp.
 10862 | Lair:4   | Reached skill level 9 in Dodging
 11700 | Lair:5   | Entered Level 5 of the Lair of Beasts
 11823 | Lair:5   | Lost mutation: You are extremely strong-willed. (Will+++)
                  | [Jiyva's grace]
 11823 | Lair:5   | Lost mutation: Your pliable body absorbs attacks. (AC +2,
                  | EV +2) [Jiyva's grace]
 11823 | Lair:5   | Gained mutation: You have a pair of small antennae on your
                  | head. [Jiyva's grace]
 11823 | Lair:5   | Gained mutation: You have a pair of antennae on your head.
                  | [Jiyva's grace]
 11823 | Lair:5   | Gained mutation: You have a pair of large antennae on your
                  | head. (SInv) [Jiyva's grace]
 11823 | Lair:5   | Gained mutation: Armour fits poorly on your pseudopods.
                  | [Jiyva's grace]
 11853 | Lair:5   | Found a viscous altar of Jiyva.
 11854 | Lair:5   | Found a staircase to the Slime Pits.
 11874 | Slime:1  | Entered Level 1 of the Pits of Slime
 11874 | Slime:1  | Noticed a rockslime
 11880 | Slime:2  | Noticed a quicksilver ooze
 11886 | Slime:3  | Noticed a quicksilver ooze
 11905 | Slime:3  | Noticed an azure jelly
 11916 | Slime:3  | Noticed a rockslime
 11930 | Slime:3  | Noticed an acid blob
 11939 | Slime:3  | Noticed an acid blob
 11941 | Slime:3  | Noticed an azure jelly
 12013 | Slime:4  | Noticed a rockslime
 12063 | Slime:5  | Entered Level 5 of the Pits of Slime
 12078 | Slime:5  | Noticed an acid blob
 12101 | Slime:5  | Noticed an acid blob
 12102 | Slime:5  | Found a viscous altar of Jiyva.
 12103 | Slime:5  | Noticed an acid blob
 12103 | Slime:5  | Noticed an acid blob
 12103 | Slime:5  | Noticed an acid blob
 12104 | Slime:5  | Noticed an azure jelly
 12104 | Slime:5  | Noticed an acid blob
 12105 | Slime:5  | Noticed an acid blob
 12106 | Slime:5  | Noticed an acid blob
 12106 | Slime:5  | Noticed an acid blob
 12106 | Slime:5  | Noticed an acid blob
 12107 | Slime:5  | Noticed an acid blob
 12110 | Slime:5  | Identified the ring "Iqaityle" {rC- rN+ rCorr EV+5 Slay+2}
 12110 | Slime:5  | Noticed a quicksilver ooze
 12112 | Slime:5  | Identified the ring "Tuecsilij" {Wiz rElec rPois}
 12121 | Slime:5  | Identified the +7 plate armour "Gaskao" {Drain rElec rC+
                  | Str+3}
 12126 | Slime:5  | Noticed a rockslime
 12133 | Slime:5  | Got a slimy rune of Zot
 12134 | Slime:5  | Identified the +9 scimitar "Baos" {venom, Int+3}
 12136 | Slime:5  | Got the Elucidation of Dislocated Firn
 12153 | Slime:5  | Noticed an azure jelly
 12171 | Slime:5  | Noticed a quicksilver ooze
 12216 | Slime:5  | Noticed the Royal Jelly
 12233 | Slime:5  | Noticed an acid blob
 12233 | Slime:5  | Noticed a rockslime
 12439 | Slime:3  | Noticed an acid blob
 12588 | Lair:5   | Reached skill level 10 in Dodging
 12966 | Lair:5   | Reached skill level 1 in Translocations
 12966 | Lair:5   | Reached XP level 14. HP: 119/119 MP: 22/28
 13004 | Lair:5   | Identified the +3 longbow of Tuowk {freeze, rElec Will+
                  | Dex-2}
 13504 | D:3      | Bought a +0 pair of gloves for 45 gold pieces
 13998 | D:11     | Noticed Gastronok
 14017 | D:11     | Killed Gastronok
 14139 | D:11     | Learned a level 4 spell: Manifold Assault
 14262 | D:11     | Learned a level 2 spell: Passwall
 14266 | D:11     | Learned a level 3 spell: Swiftness
 14269 | D:11     | Learned a level 2 spell: Ensorcelled Hibernation
 14429 | D:11     | Reached skill level 1 in Transmutations
 14429 | D:11     | Reached skill level 1 in Air Magic
 14429 | D:11     | Reached skill level 1 in Earth Magic
 14474 | D:11     | Lost mutation: You possess an exceptional clarity of mind.
                  | [Jiyva's grace]
 14474 | D:11     | Lost mutation: Your body has grown many eyes which may
                  | confuse attackers. (Acc +5) [Jiyva's grace]
 14474 | D:11     | Lost mutation: Armour fits poorly on your pseudopods.
                  | [Jiyva's grace]
 14474 | D:11     | Gained mutation: You have an increased reservoir of magic.
                  | (+10% MP) [Jiyva's grace]
 14474 | D:11     | Gained mutation: You have a considerably increased
                  | reservoir of magic. (+20% MP) [Jiyva's grace]
 14474 | D:11     | Gained mutation: You have a greatly increased reservoir of
                  | magic. (+30% MP) [Jiyva's grace]
 14474 | D:11     | Gained mutation: You expend magic power (3 MP) to
                  | strengthen your wands. [Jiyva's grace]
 14766 | D:12     | Found a staircase to the Orcish Mines.
 14857 | D:12     | Noticed greenreed's ghost (journeyman MiFi)
 14857 | D:12     | Noticed a lich
 15071 | D:12     | Found a runed translucent door.
 15128 | D:12     | Found a runed translucent door.
 15216 | Orc:1    | Entered Level 1 of the Orcish Mines
 15481 | D:10     | Bought a transparent eveningstar for 700 gold pieces
 15481 | D:10     | Identified the +2 eveningstar "NinjaNoafa's Regret"
                  | {antimagic, Dex+4} (You bought it in a shop on level 10 of
                  | the Dungeon)
 15670 | Orc:1    | Reached skill level 1 in Maces & Flails
 15689 | Orc:1    | Identified the +1 robe of Indemnity {Will+}
 15862 | Orc:1    | Noticed Snorg
 15880 | Orc:1    | Killed Snorg
 16076 | Orc:2    | Entered Level 2 of the Orcish Mines
 16076 | Orc:2    | Lost mutation: You have a pair of large antennae on your
                  | head. (SInv) [Jiyva's grace]
 16076 | Orc:2    | Lost mutation: You are highly strong-willed. (Will++)
                  | [Jiyva's grace]
 16076 | Orc:2    | Lost mutation: You are strong-willed. (Will+) [Jiyva's
                  | grace]
 16076 | Orc:2    | Lost mutation: Your rubbery body absorbs attacks. (AC +1,
                  | EV +1) [Jiyva's grace]
 16076 | Orc:2    | Gained mutation: Your large and strong wings let you fly.
                  | [Jiyva's grace]
 16076 | Orc:2    | Gained mutation: You are agile. (Dex +4, Str/Int -1)
                  | [Jiyva's grace]
 16076 | Orc:2    | Gained mutation: You are very agile. (Dex +8, Str/Int -2)
                  | [Jiyva's grace]
 16076 | Orc:2    | Gained mutation: You are covered in fur. (AC +1) [Jiyva's
                  | grace]
 16243 | Orc:2    | Reached skill level 5 in Maces & Flails
 16290 | Orc:2    | Noticed an orc warlord
 16294 | Orc:2    | Reached skill level 10 in Fighting
 16311 | Orc:2    | Lost mutation: You expend magic power (3 MP) to strengthen
                  | your wands. [potion of mutation]
 16311 | Orc:2    | Lost mutation: You are covered in fur. (AC +1) [potion of
                  | mutation]
 16311 | Orc:2    | Gained mutation: Your tail ends in a venomous barb. [potion
                  | of mutation]
 16311 | Orc:2    | Gained mutation: You sometimes lose your temper in combat.
                  | [potion of mutation]
 16434 | Orc:2    | Found a staircase to the Elven Halls.
 16451 | Orc:2    | Upgraded the game from 0.30-a0-859-gf88a04b62d to
                  | 0.30-a0-860-g512cf1e979
 16749 | D:11     | Got the Folio of Incandescent Elsewhere
 17096 | D:13     | Noticed Jorgrun
 17123 | D:13     | HP: 1/122 [constriction (8)]
 17470 | Orc:2    | Reached skill level 11 in Dodging
 17513 | Orc:2    | Paralysed by an orc sorcerer for 3 turns
 17546 | Orc:2    | Found Esomob's Antique Armour Shoppe.
 17547 | Orc:2    | Found Latuz's Antique Weapon Shoppe.
 17549 | Orc:2    | Found Femipoid's General Store.
 17549 | Orc:2    | Found Yrcher's Book Emporium.
 17563 | Orc:2    | Reached XP level 15. HP: 128/128 MP: 38/38
 17827 | D:13     | Killed Jorgrun
 18051 | D:13     | Noticed Urug
 18064 | D:13     | Killed Urug
 18340 | D:13     | Found Wypue's Antique Weapon Emporium.
 18623 | D:14     | Found Zuypp's Distillery.
 18631 | D:14     | Bought a potion of degeneration for 18 gold pieces
 18797 | D:14     | Found a gate to the Vaults.
 19169 | D:14     | Lost mutation: You have a greatly increased reservoir of
                  | magic. (+30% MP) [Jiyva's grace]
 19169 | D:14     | Gained mutation: You are strong-willed. (Will+) [Jiyva's
                  | grace]
 19169 | D:14     | Gained mutation: You are highly strong-willed. (Will++)
                  | [Jiyva's grace]
 19169 | D:14     | Gained mutation: You are extremely strong-willed. (Will+++)
                  | [Jiyva's grace]
 19169 | D:14     | Gained mutation: Your system is resistant to poisons.
                  | (rPois) [Jiyva's grace]
 19212 | D:14     | Found an ornate altar of the Wu Jian Council.
 19271 | D:14     | Reached skill level 12 in Dodging
 19610 | D:15     | Entered Level 15 of the Dungeon
 19730 | D:15     | Found a staircase to the Depths.
 19782 | D:15     | Found a frozen archway.
 19800 | IceCv    | Entered an ice cave
 19969 | IceCv    | Noticed a rockslime
 19970 | IceCv    | Noticed an azure jelly
 19977 | IceCv    | Found a viscous altar of Jiyva.
 19980 | IceCv    | Noticed an azure jelly
 19995 | IceCv    | Got the ring "Habih" {rF+ rC+ Slay+2}
 19997 | IceCv    | Got the ring of Happiness {rC+ Will- Str+6 Dex+2}
 20864 | Swamp:1  | Entered Level 1 of the Swamp
 20995 | Swamp:1  | Lost mutation: You have a pair of antennae on your head.
                  | [Jiyva's grace]
 20995 | Swamp:1  | Lost mutation: Your large and strong wings let you fly.
                  | [Jiyva's grace]
 20995 | Swamp:1  | Lost mutation: Your tail ends in a venomous barb. [Jiyva's
                  | grace]
 20995 | Swamp:1  | Lost mutation: You have a considerably increased reservoir
                  | of magic. (+20% MP) [Jiyva's grace]
 20995 | Swamp:1  | Lost mutation: You have an increased reservoir of magic.
                  | (+10% MP) [Jiyva's grace]
 20995 | Swamp:1  | Lost mutation: You are extremely strong-willed. (Will+++)
                  | [Jiyva's grace]
 20995 | Swamp:1  | Lost mutation: Your system is resistant to poisons. (rPois)
                  | [Jiyva's grace]
 20995 | Swamp:1  | Lost mutation: Your body has grown eyes which may confuse
                  | attackers. (Acc +3) [Jiyva's grace]
 20995 | Swamp:1  | Lost mutation: Your melee attacks may engulf your foes in
                  | ooze. [Jiyva's grace]
 20995 | Swamp:1  | Gained mutation: You have hidden genetic potential.
                  | [Jiyva's grace]
 20995 | Swamp:1  | Gained mutation: You have great hidden genetic potential.
                  | [Jiyva's grace]
 20995 | Swamp:1  | Lost mutation: You sometimes lose your temper in combat.
                  | [Jiyva's grace]
 20995 | Swamp:1  | Gained mutation: You possess an exceptional clarity of
                  | mind. [Jiyva's grace]
 21043 | Swamp:1  | Reached skill level 13 in Dodging
 21690 | Swamp:2  | Got the Handbook of the Tropical Winter
 21969 | Swamp:2  | Identified the +0 leather armour of the Sneaky Things
                  | {rPois Regen+}
 22357 | Swamp:3  | Reached skill level 14 in Dodging
 22468 | Swamp:3  | Reached XP level 16. HP: 131/143 MP: 26/30
 22476 | Swamp:3  | Noticed a thorn hunter
 22516 | Swamp:3  | Killed a thorn hunter
 22692 | Swamp:4  | Entered Level 4 of the Swamp
 22774 | Spider:1 | Entered Level 1 of the Spider Nest
 23086 | Spider:1 | HP: 6/143 [demonic crawler (9)]
 23087 | Spider:1 | HP: 2/143 [poisoned by a redback]
 23255 | Lair:2   | Killed BubbleThief's ghost
 23546 | Spider:1 | Reached skill level 15 in Dodging
 23703 | Spider:1 | Reached skill level 1 in Fire Magic
 23706 | Spider:1 | Reached skill level 1 in Conjurations
 24683 | Spider:1 | Lost mutation: You have a pair of small antennae on your
                  | head. [Jiyva's grace]
 24683 | Spider:1 | Lost mutation: You are very agile. (Dex +8, Str/Int -2)
                  | [Jiyva's grace]
 24683 | Spider:1 | Lost mutation: You are agile. (Dex +4, Str/Int -1) [Jiyva's
                  | grace]
 24683 | Spider:1 | Lost mutation: You are highly strong-willed. (Will++)
                  | [Jiyva's grace]
 24683 | Spider:1 | Gained mutation: Your translucent skin slightly reduces
                  | your foes' accuracy. (Stealth+) [Jiyva's grace]
 24683 | Spider:1 | Gained mutation: Your translucent skin reduces your foes'
                  | accuracy. (Stealth+) [Jiyva's grace]
 24683 | Spider:1 | Gained mutation: Your transparent skin significantly
                  | reduces your foes' accuracy. (Stealth+) [Jiyva's grace]
 24683 | Spider:1 | Gained mutation: Your rubbery body absorbs attacks. (AC +1,
                  | EV +1) [Jiyva's grace]
 24690 | Spider:1 | Learned a level 5 spell: Fireball
 24696 | Spider:1 | Learned a level 5 spell: Freezing Cloud
 24940 | Spider:2 | Noticed Frances
 24969 | Spider:2 | Killed Frances
 25104 | Spider:2 | Gained mutation: You have a pair of small antennae on your
                  | head. [hidden potential]
 26048 | Spider:2 | Reached skill level 5 in Fire Magic
 26392 | Spider:3 | Reached skill level 5 in Conjurations
 26757 | Spider:3 | Identified a scroll of acquirement
 26759 | Spider:3 | Acquired a staff of cold
 26883 | Spider:3 | Lost mutation: You are strong-willed. (Will+) [Jiyva's
                  | grace]
 26883 | Spider:3 | Lost mutation: Your transparent skin significantly reduces
                  | your foes' accuracy. (Stealth+) [Jiyva's grace]
 26883 | Spider:3 | Gained mutation: Your body has grown eyes which may confuse
                  | attackers. (Acc +3) [Jiyva's grace]
 26883 | Spider:3 | Gained mutation: Your body has grown many eyes which may
                  | confuse attackers. (Acc +5) [Jiyva's grace]
 26883 | Spider:3 | Gained mutation: Your body is covered in eyes which may
                  | confuse attackers. (Acc +7, SInv) [Jiyva's grace]
 26883 | Spider:3 | Gained mutation: You expend magic power (3 MP) to
                  | strengthen your wands. [Jiyva's grace]
 27835 | Swamp:4  | Reached XP level 17. HP: 68/149 MP: 5/31
 27840 | Swamp:4  | Paralysed by a fenstrider witch for 3 turns
 27842 | Swamp:4  | HP: 7/149 [six-headed hydra (7)]
 27842 | Swamp:4  | Slain by a six-headed hydra

Illustrated notes

Levels and vault maps discovered:
D:1:      dpeg_arrival_water_temple_mockup, layout_loops_corners,
          ebering_ecumenical_altar_rust, minmay_misc_feat_four_crosses,
          minmay_split_cup_small
D:2:      layout_loops_ring, uniq_crazy_yiuf_cottage, uniq_jessica, uniq_robin,
          uniq_terence
D:3:      layout_loops_ring, serial_shops, nicolae_square_shop
D:4:      layout_basic, minmay_temple_entry_slanted, uniq_blork_the_orc
D:5:      layout_basic, gup_sewer_entry_glass, kennysheep_donut, uniq_sigmund
D:6:      layout_cave_pools, mainiacjoe_overflow_alcove_4
D:7:      layout_cave_pools, yredelemnul_forgotten_temple_becter,
          kennysheep_generic_room_13, uniq_menkaure
D:8:      layout_cave_pools, amcnicky_mini_pool_small, uniq_pikel, uniq_amaemon
D:9:      layout_cave_pools, david_lair_generic, serial_glass, glass_columns_a,
          glass_columns_b, uniq_joseph, uniq_harold, uniq_maurice
D:10:     layout_loops_ring, serial_shops, nicolae_shop_overgrown_old_shop
D:11:     fort_yaktaur, layout_irregular_city, uniq_gastronok
D:12:     layout_cave_pools, erik_orc_4, muffindrake_ghost_dual_entry,
          grunt_decor_cap
D:13:     layout_basic, serial_shops, nicolae_shop_hallway_stairs, serial_glass,
          glass_columns_a, glass_columns_a, uniq_urug, uniq_jorgrun
D:14:     layout_basic, skrybe_vaults_entry_preservation,
          nicolae_wu_jian_wuxing_cycle, serial_shops, nicolae_shop_stone,
          serial_curves, eino_curves_04, eino_curves_01
D:15:     gammafunk_enter_depths_forms, layout_grid_maze,
          portal_ice_cave_entry_pillars_four, roderic_st_hans_cross
Temple:   nicolae_temple_bog_church
Lair:1:   layout_chaotic_city, nicolae_volcano_entry_s_turn,
          dreamdust_mushroom_princess
Lair:2:   layout_cave_shapes, spider_nest_entry_a, gammafunk_ghost_hydra_chop,
          st_stairs_3, guppyfry_lair_drakes
Lair:3:   layout_regular_city, minmay_swamp_entry_swarm, grunt_megastairs_3,
          serial_bayou_shore_b
Lair:4:   layout_layer_cave
Lair:5:   minmay_lair_end_frog_pond, layout_cave_pods,
          nicolae_slime_entry_slimehenge
Swamp:1:  layout_basic_swamp, nicolae_swamp_ascending_descending
Swamp:2:  layout_basic_swamp, nicolae_swamp_orc_logging_accident, swamp_pool4
Swamp:3:  nicolae_swamp_ascending_descending_big, layout_falls_marsh,
          evilmike_swamp_ruin_house_4, uniq_louise
Swamp:4:  swamp_basic_johnstein, layout_basic_swamp, swamp_pool1
Spider:1: layout_cave_pods
Spider:2: layout_cave_pods, uniq_frances
Spider:3: layout_chambers, nicolae_spider_cling_halls
Slime:1:  layout_caves
Slime:2:  layout_caves, cheibrodos_slime_lost_civilization_4
Slime:3:  layout_caves, cheibrodos_slime_lost_civilization_7
Slime:4:  layout_caves
Slime:5
Orc:1:    layout_caves, hangedman_minor_magic, uniq_snorg
Orc:2:    st_orc_congregation, layout_caves, rock_pile

Skill      XL: |  1  2  3  4  5  6  7  8  9 10 11 12 13 14 15 16 17 |
---------------+----------------------------------------------------+-----
Spellcasting   | 3 4 5 7 8 9 10 | 10.9
Ice Magic      | 5 6 8 9 10 11 | 11.2
Summonings     | 2 3 4 6 8 |  8.0
Fighting       | 4 6 9 10 13 | 13.0
Dodging        | 6 7 8 10 11 14 15 | 15.0
Staves         | 4 5 |  5.0
Evocations     | 5 6 7 |  7.0
Short Blades   | 8 |  8.0
Shields        | 4 |  4.0
Translocations | 1 4 |  4.0
Transmutations | 2 3 |  3.8
Air Magic      | 3 4 |  4.3
Earth Magic    | 2 3 |  3.8
Maces & Flails | 6 |  6.3
Fire Magic     | 6 |  6.9
Conjurations   | 6 |  6.3
Stealth        | |  1.7

Action                     |  1- 3 |  4- 6 |  7- 9 | 10-12 | 13-15 | 16-18 || total
---------------------------+-------+-------+-------+-------+-------+-------++-------
  Melee: Staff             |    19 |    33 |    40 |    16 |       |    59 ||   167
         Unarmed           |     1 |       |       |       |       |       ||     1
         Tailslap          |       |     8 |     8 |    37 |   299 |   183 ||   535
         Punch             |       |       |     2 |       |       |       ||     2
         Quarterstaff      |       |       |       |    38 |       |       ||    38
         Quick blade       |       |       |       |    48 |  1248 |   642 ||  1938
         Pseudopods        |       |       |       |       |    85 |       ||    85
         Eveningstar       |       |       |       |       |   155 |    35 ||   190
  Throw: Boomerang         |       |       |       |       |    10 |       ||    10
   Cast: Freeze            |    34 |    58 |    85 |   127 |    29 |     1 ||   334
         Frozen Ramparts   |     2 |    12 |    20 |    54 |    99 |    43 ||   230
         Ozocubu's Armour  |     2 |     4 |    14 |    49 |   102 |    50 ||   221
         Summon Ice Beast  |       |       |    15 |    50 |   120 |    57 ||   242
         Manifold Assault  |       |       |       |       |    98 |    23 ||   121
         Ensorcelled Hiber |       |       |       |       |     2 |       ||     2
         Swiftness         |       |       |       |       |     1 |     3 ||     4
         Passwall          |       |       |       |       |     3 |     4 ||     7
         Freezing Cloud    |       |       |       |       |       |    43 ||    43
         Fireball          |       |       |       |       |       |    23 ||    23
 Invoke: Oozemancy         |       |       |     1 |       |     1 |       ||     2
Ability: Breathe Steam     |       |       |    29 |    40 |   109 |    40 ||   218
  Evoke: Wand              |       |       |       |       |     7 |     1 ||     8
    Use: Scroll            |       |       |     6 |     4 |    19 |     6 ||    35
         Potion            |       |       |       |       |    12 |     6 ||    18
   Stab: Sleeping          |       |       |     1 |       |     3 |       ||     4
         Confused          |       |       |       |     4 |    10 |     1 ||    15
         Distracted        |       |       |       |       |     5 |     3 ||     8
 Armour: Skin              |    22 |    38 |    70 |   148 |   174 |   235 ||   687
  Dodge: Dodged            |    43 |    61 |   148 |   301 |   769 |   765 ||  2087
  Block: Buckler           |       |       |       |    22 |   449 |   575 ||  1046
         Reflection        |       |       |       |       |    12 |     3 ||    15

Table legend: (Time is in decaauts)
 A = Elapsed time spent in this place.
 B = Non-inter-level travel time spent in this place.
 C = Inter-level travel time spent in this place.
 D = Time resting spent in this place.
 E = Time spent auto-exploring this place.
 F = Levels seen in this place.
 G = Mean time per level.
                   A        B        C        D        E       F      G
               +--------+--------+--------+--------+--------+-----+--------+
         Total |  27055 |  24123 |   2932 |    115 |  16086 |  38 |  712.0 |
       Dungeon |  12478 |  10674 |   1804 |     15 |   7161 |  15 |  831.9 |
        Temple |    187 |    175 |     12 |      0 |    158 |   1 |  187.0 |
          Lair |   4971 |   4522 |    449 |    100 |   2765 |   5 |  994.2 |
         Swamp |   1759 |   1607 |    152 |      0 |   1078 |   4 |  439.8 |
   Spider Nest |   4105 |   3840 |    265 |      0 |   2861 |   3 | 1368.3 |
    Slime Pits |    594 |    490 |    104 |      0 |    422 |   5 |  118.8 |
  Orcish Mines |   1672 |   1529 |    143 |      0 |    846 |   2 |  836.0 |
         Sewer |    689 |    689 |      0 |      0 |    519 |   1 |  689.0 |
      Ice Cave |    270 |    270 |      0 |      0 |    150 |   1 |  270.0 |
       Volcano |    325 |    325 |      0 |      0 |    123 |   1 |  325.0 |
               +--------+--------+--------+--------+--------+-----+--------+

Top non-repeatable levels by time:
Spider:1: 1621 daAuts
    D:11: 1469 daAuts
Spider:3: 1322 daAuts
Spider:2: 1162 daAuts
  Lair:4: 1156 daAuts
  Lair:2: 1074 daAuts
  Lair:3: 1063 daAuts
     D:1: 1017 daAuts
    D:14: 967 daAuts
    D:12: 933 daAuts
  Lair:5: 891 daAuts
    D:13: 882 daAuts
   Orc:1: 853 daAuts
     D:7: 823 daAuts
   Orc:2: 818 daAuts
